General information
- name: BNet
- type: Ladder team game (AT/RT)
- host: Battle.net
- saver: TheFortress
map: Deathknell
- players: 8
- length: 22:02
- speed: Fast
- version: 1.27 W3XP
- replay type: Public
» download(166 KB)
Players
team 1 (loser)

»
assing (
purple | 35 APM | 726 actions | 20:36)
3 Dreadlord
2 Vampiric Aura
1 Sleep
» actions
| Basic commands | 5 | |
| Build / train | 35 | |
| Enter build submenu | 30 | |
| Enter hero's abilities submenu | 3 | |
| Right click | 322 | |
| Select / deselect | 291 | |
| Use ability | 40 | |
726 total
» units
| Acolyte | 7 | |
| Necromancer | 5 | |
| Ghoul | 4 | |
| Ice Troll Trapper | 1 | |
| Mud Golem | 1 | |
| Meatwagon | 2 | |
20 total
» upgrades
| Skeletal Longevity | 1 | |
| Necromancer Training | 2 | |
| Exhume Corpses | 1 | |
| Skeletal Mastery | 1 | |
| Unholy Strength | 1 | |
| Disease Cloud | 1 | |
7 total
» buildings
| Necropolis | 2 | |
| Halls of the Dead | 2 | |
| Altar of Darkness | 2 | |
| Graveyard | 1 | |
| Temple of the Damned | 2 | |
| Crypt | 2 | |
| Ziggurat | 7 | |
| Slaughterhouse | 2 | |
| Black Citadel | 1 | |
21 total
» build order
00:50 Necropolis
00:54 Halls of the Dead
01:24 Altar of Darkness
02:03 Graveyard
03:31 Temple of the Damned
03:46 Crypt
04:20 Crypt
05:07 Temple of the Damned
05:49 Ziggurat
06:54 Ziggurat
07:26 Ziggurat
07:44 Slaughterhouse
07:54 Slaughterhouse
08:32 Halls of the Dead
09:06 Ziggurat
09:32 Black Citadel
12:53 Ziggurat
12:55 Ziggurat
12:58 Ziggurat
20:31 Necropolis
20:34 Altar of Darkness

»
Charles410 (
red | 66 APM | 1214 actions | 18:30)
3 Archmage
2 Summon Water Elemental
1 Brilliance Aura
» actions
| Assign group hotkey | 4 | |
| Basic commands | 87 | |
| Build / train | 58 | |
| ESC pressed | 1 | |
| Enter build submenu | 41 | |
| Enter hero's abilities submenu | 3 | |
| Give item / drop item | 1 | |
| Right click | 378 | |
| Select / deselect | 328 | |
| Select group hotkey | 208 | |
| Use ability | 105 | |
1214 total
» units
| Peasant | 16 | |
| Rifleman | 7 | |
| Mortar Team | 4 | |
27 total
» upgrades
| Gunpowder | 1 | |
| Masonry | 2 | |
| Long Rifles | 1 | |
| Flare | 1 | |
| Swords | 1 | |
| Armor | 1 | |
7 total
» buildings
| Farm | 10 | |
| Altar of Kings | 1 | |
| Barracks | 1 | |
| Blacksmith | 1 | |
| Scout Tower | 12 | |
| Lumber Mill | 1 | |
| Arcane Tower | 2 | |
| Arcane Vault | 2 | |
| Keep | 1 | |
| Guard Tower | 9 | |
| Town Hall | 1 | |
| Workshop | 3 | |
| Castle | 1 | |
| Gryphon Aviary | 3 | |
48 total
» build order
00:09 Farm
00:11 Altar of Kings
00:59 Farm
01:21 Farm
01:48 Barracks
02:01 Blacksmith
02:15 Scout Tower
02:29 Lumber Mill
02:44 Arcane Tower
02:47 Farm
02:53 Arcane Vault
03:22 Farm
03:53 Scout Tower
03:57 Scout Tower
04:19 Keep
04:36 Farm
04:42 Guard Tower
06:23 Town Hall
06:25 Scout Tower
06:27 Scout Tower
06:31 Scout Tower
06:33 Scout Tower
06:50 Farm
07:00 Guard Tower
07:02 Scout Tower
07:11 Scout Tower
07:12 Arcane Tower
07:13 Guard Tower
07:14 Guard Tower
07:28 Farm
07:40 Guard Tower
08:03 Guard Tower
08:08 Arcane Vault
08:16 Scout Tower
08:17 Scout Tower
08:54 Farm
09:45 Workshop
09:53 Workshop
10:51 Workshop
11:58 Farm
12:08 Guard Tower
12:44 Guard Tower
12:46 Scout Tower
15:28 Castle
16:25 Guard Tower
16:31 Gryphon Aviary
16:45 Gryphon Aviary
16:51 Gryphon Aviary
» items
| Scroll of Regeneration | 3 | |
| Scroll of Town Portal | 3 | |
| Potion of Healing | 1 | |
7 total

»
towersnoob (
orange | 54 APM | 1196 actions | 21:59)
1 Keeper of the Grove
1 Force of Nature
» actions
| Assign group hotkey | 114 | |
| Basic commands | 102 | |
| Build / train | 43 | |
| Enter build submenu | 13 | |
| Enter hero's abilities submenu | 1 | |
| Right click | 472 | |
| Select / deselect | 154 | |
| Select group hotkey | 276 | |
| Use ability | 21 | |
1196 total
» units
| Wisp | 13 | |
| Archer | 10 | |
| Hippogryph | 9 | |
32 total
» upgrades
| Strength of the Moon | 2 | |
| Hippogryph Taming | 1 | |
| Moon Armor | 1 | |
4 total
» buildings
| Moon Well | 6 | |
| Altar of Elders | 1 | |
| Ancient of War | 1 | |
| Ancient of Wonders | 1 | |
| Tree of Ages | 1 | |
| Hunter's Hall | 1 | |
| Ancient of Wind | 2 | |
| Tree of Life | 1 | |
14 total
» build order
00:15 Moon Well
00:27 Altar of Elders
00:50 Ancient of War
01:34 Moon Well
01:49 Ancient of Wonders
02:54 Tree of Ages
03:29 Moon Well
04:09 Moon Well
04:59 Hunter's Hall
05:23 Ancient of Wind
05:26 Ancient of Wind
06:13 Moon Well
14:44 Tree of Life
14:49 Moon Well
towers. (
pink | 125 APM | 2497 actions | 19:53)
4 Blood Mage
2 Flame Strike
2 Banish
» actions
| Assign group hotkey | 113 | |
| Basic commands | 60 | |
| Build / train | 145 | |
| ESC pressed | 10 | |
| Enter build submenu | 59 | |
| Enter hero's abilities submenu | 4 | |
| Give item / drop item | 1 | |
| Remove unit from queue | 1 | |
| Right click | 1248 | |
| Select / deselect | 299 | |
| Select group hotkey | 441 | |
| Use ability | 116 | |
2497 total
» units
| Peasant | 28 | |
| Footman | 8 | |
| Ice Troll Berserker | 1 | |
| Gnoll Overseer | 1 | |
| Ice Troll Trapper | 1 | |
| Rifleman | 6 | |
45 total
» upgrades
| Masonry | 3 | |
| Lumber Harvesting | 2 | |
| Gunpowder | 1 | |
| Long Rifles | 1 | |
7 total
» buildings
| Barracks | 1 | |
| Altar of Kings | 1 | |
| Farm | 8 | |
| Lumber Mill | 1 | |
| Blacksmith | 1 | |
| Arcane Vault | 1 | |
| Town Hall | 1 | |
| Scout Tower | 42 | |
| Arcane Tower | 4 | |
| Guard Tower | 47 | |
| Keep | 4 | |
| Castle | 3 | |
114 total
» build order
00:44 Barracks
00:54 Altar of Kings
01:06 Farm
01:22 Farm
01:26 Farm
01:36 Lumber Mill
02:06 Farm
02:27 Blacksmith
02:53 Farm
03:19 Arcane Vault
04:20 Town Hall
04:22 Scout Tower
04:39 Arcane Tower
04:39 Arcane Tower
04:40 Arcane Tower
05:04 Scout Tower
05:05 Scout Tower
05:07 Scout Tower
05:34 Guard Tower
05:34 Guard Tower
05:34 Guard Tower
05:35 Guard Tower
06:30 Keep
06:30 Keep
07:23 Scout Tower
07:26 Scout Tower
07:29 Scout Tower
07:31 Scout Tower
07:33 Scout Tower
07:36 Guard Tower
07:36 Guard Tower
07:36 Guard Tower
07:37 Guard Tower
07:37 Guard Tower
08:07 Guard Tower
08:07 Guard Tower
08:22 Scout Tower
08:24 Scout Tower
08:26 Scout Tower
08:30 Farm
08:32 Farm
09:08 Farm
09:45 Castle
09:45 Castle
09:56 Scout Tower
09:57 Scout Tower
09:58 Scout Tower
09:59 Scout Tower
10:00 Scout Tower
10:33 Scout Tower
10:34 Scout Tower
10:38 Scout Tower
10:38 Scout Tower
10:39 Scout Tower
10:39 Scout Tower
10:40 Scout Tower
11:14 Scout Tower
11:15 Scout Tower
11:26 Guard Tower
11:26 Guard Tower
11:26 Guard Tower
12:40 Scout Tower
12:41 Scout Tower
12:42 Scout Tower
13:01 Scout Tower
13:02 Scout Tower
13:33 Scout Tower
13:34 Scout Tower
13:35 Scout Tower
13:50 Scout Tower
13:51 Scout Tower
14:17 Guard Tower
14:27 Scout Tower
14:30 Scout Tower
14:38 Guard Tower
14:39 Guard Tower
14:58 Guard Tower
14:58 Guard Tower
14:58 Guard Tower
14:58 Guard Tower
15:23 Guard Tower
15:23 Guard Tower
15:24 Guard Tower
15:31 Guard Tower
15:31 Guard Tower
16:59 Scout Tower
17:00 Scout Tower
17:01 Scout Tower
17:20 Scout Tower
17:40 Guard Tower
17:40 Guard Tower
17:56 Guard Tower
17:56 Guard Tower
18:35 Guard Tower
18:35 Guard Tower
18:36 Guard Tower
18:51 Guard Tower
18:51 Guard Tower
» items
| Mechanical Critter | 8 | |
| Scroll of Regeneration | 3 | |
11 total
team 2 (winner)

»
godofweed42O (
blue | 31 APM | 692 actions | 21:59)
3 Mountain King
2 Storm Bolt
1 Thunder Clap
» actions
| Assign group hotkey | 9 | |
| Basic commands | 8 | |
| Build / train | 68 | |
| Enter build submenu | 28 | |
| Enter hero's abilities submenu | 3 | |
| Right click | 255 | |
| Select / deselect | 229 | |
| Select group hotkey | 40 | |
| Use ability | 52 | |
692 total
» units
| Peasant | 17 | |
| Footman | 10 | |
| Mortar Team | 14 | |
| Sorceress | 6 | |
47 total
» upgrades
| Gunpowder | 3 | |
| Lumber Harvesting | 2 | |
| Armor | 2 | |
| Sorceress Training | 1 | |
| Flare | 1 | |
| Fragmentation Shards | 1 | |
10 total
» buildings
| Altar of Kings | 1 | |
| Farm | 14 | |
| Barracks | 2 | |
| Town Hall | 1 | |
| Keep | 1 | |
| Lumber Mill | 1 | |
| Blacksmith | 1 | |
| Arcane Sanctum | 2 | |
| Workshop | 2 | |
| Castle | 1 | |
26 total
» build order
00:04 Altar of Kings
00:05 Farm
00:44 Barracks
01:14 Barracks
01:23 Farm
02:02 Farm
02:36 Farm
02:40 Farm
04:28 Town Hall
04:33 Keep
06:41 Lumber Mill
06:46 Blacksmith
08:27 Arcane Sanctum
08:29 Arcane Sanctum
08:31 Workshop
08:39 Workshop
08:59 Castle
09:59 Farm
10:52 Farm
11:35 Farm
11:38 Farm
12:20 Farm
12:57 Farm
13:40 Farm
14:18 Farm
14:58 Farm
MyC0CKYourASS (
teal | 39 APM | 860 actions | 21:59)
3 Blademaster
2 Wind Walk
1 Critical Strike
» actions
| Assign group hotkey | 18 | |
| Basic commands | 70 | |
| Build / train | 83 | |
| Enter build submenu | 28 | |
| Enter hero's abilities submenu | 3 | |
| Give item / drop item | 3 | |
| Remove unit from queue | 7 | |
| Right click | 258 | |
| Select / deselect | 294 | |
| Select group hotkey | 39 | |
| Use ability | 56 | |
860 total
» units
» upgrades
| Spiked Barricades | 1 | |
| Reinforced Defenses | 1 | |
2 total
» buildings
| Altar of Storms | 1 | |
| Orc Burrow | 5 | |
| War Mill | 1 | |
| Great Hall | 5 | |
| Voodoo Lounge | 2 | |
| Watch Tower | 15 | |
| Stronghold | 1 | |
| Fortress | 1 | |
31 total
» build order
00:07 Altar of Storms
00:11 Orc Burrow
00:41 War Mill
02:45 Great Hall
03:38 Orc Burrow
03:50 Voodoo Lounge
04:17 Voodoo Lounge
04:26 Orc Burrow
04:56 Watch Tower
05:07 Stronghold
05:50 Watch Tower
06:19 Orc Burrow
06:34 Watch Tower
06:40 Watch Tower
07:30 Fortress
07:49 Orc Burrow
07:57 Watch Tower
08:27 Great Hall
09:13 Watch Tower
09:53 Great Hall
10:26 Watch Tower
11:31 Watch Tower
12:09 Watch Tower
12:12 Watch Tower
13:45 Watch Tower
13:46 Watch Tower
13:46 Watch Tower
13:48 Watch Tower
13:49 Watch Tower
14:07 Great Hall
17:27 Great Hall
» items
| Healing Salve | 2 | |
| Lesser Clarity Potion | 1 | |
| Potion of Healing | 1 | |
| Orb of Lightning | 1 | |
5 total
dupre (
green | 65 APM | 1437 actions | 21:59)
5 Archmage
3 Blizzard
2 Brilliance Aura
4 Blood Mage
2 Flame Strike
2 Banish
3 Mountain King
2 Thunder Clap
1 Bash
» actions
| Assign group hotkey | 40 | |
| Basic commands | 76 | |
| Build / train | 73 | |
| Enter build submenu | 21 | |
| Enter hero's abilities submenu | 12 | |
| Give item / drop item | 3 | |
| Remove unit from queue | 2 | |
| Right click | 420 | |
| Select / deselect | 321 | |
| Select group hotkey | 391 | |
| Use ability | 78 | |
1437 total
» units
| Peasant | 12 | |
| Footman | 2 | |
| Goblin Shredder | 1 | |
| Mud Golem | 4 | |
| Spell Breaker | 9 | |
| Priest | 3 | |
31 total
» upgrades
| Plating | 3 | |
| Control Magic | 1 | |
| Swords | 3 | |
| Masonry | 3 | |
| Priest Training | 2 | |
| Backpack | 1 | |
| Sorceress Training | 1 | |
| Magic Sentry | 1 | |
| Armor | 1 | |
| Lumber Harvesting | 1 | |
17 total
» buildings
| Altar of Kings | 1 | |
| Barracks | 1 | |
| Farm | 10 | |
| Lumber Mill | 1 | |
| Keep | 1 | |
| Arcane Vault | 1 | |
| Blacksmith | 1 | |
| Castle | 1 | |
| Arcane Sanctum | 4 | |
| Town Hall | 2 | |
23 total
» build order
00:22 Altar of Kings
00:36 Barracks
00:51 Farm
01:06 Farm
01:21 Lumber Mill
01:44 Farm
03:08 Keep
03:20 Arcane Vault
03:23 Farm
03:25 Farm
04:36 Farm
04:52 Blacksmith
04:56 Farm
05:31 Castle
06:09 Arcane Sanctum
06:31 Arcane Sanctum
06:34 Arcane Sanctum
06:52 Farm
06:57 Town Hall
08:29 Arcane Sanctum
08:32 Farm
08:35 Farm
20:11 Town Hall
» items
| Staff of Sanctuary | 2 | |
| Lesser Clarity Potion | 3 | |
| Orb of Fire | 1 | |
6 total
TheFortress (
yellow | 52 APM | 1137 actions | 22:02)
7 Pandaren Brewmaster
3 Breath of Fire
3 Drunken Brawler
1 Storm Earth and Fire
» actions
| Assign group hotkey | 115 | |
| Basic commands | 13 | |
| Build / train | 69 | |
| Enter build submenu | 42 | |
| Enter hero's abilities submenu | 7 | |
| Give item / drop item | 2 | |
| Remove unit from queue | 2 | |
| Right click | 470 | |
| Select / deselect | 228 | |
| Select group hotkey | 71 | |
| Use ability | 118 | |
1137 total
» units
» upgrades
| Masonry | 3 | |
| Lumber Harvesting | 2 | |
5 total
» buildings
| Altar of Kings | 1 | |
| Lumber Mill | 1 | |
| Farm | 4 | |
| Scout Tower | 37 | |
| Arcane Tower | 1 | |
| Guard Tower | 9 | |
| Town Hall | 1 | |
| Keep | 1 | |
| Arcane Vault | 1 | |
| Castle | 1 | |
| Arcane Sanctum | 1 | |
58 total
» build order
00:39 Altar of Kings
00:43 Lumber Mill
00:50 Farm
00:56 Farm
01:05 Farm
01:22 Scout Tower
01:41 Farm
02:25 Arcane Tower
02:35 Scout Tower
02:36 Scout Tower
02:37 Scout Tower
02:46 Scout Tower
02:49 Scout Tower
02:52 Scout Tower
02:54 Scout Tower
02:56 Scout Tower
03:30 Guard Tower
03:35 Guard Tower
05:05 Town Hall
06:22 Keep
06:34 Arcane Vault
06:55 Guard Tower
06:59 Scout Tower
07:00 Scout Tower
07:01 Scout Tower
07:01 Scout Tower
07:02 Scout Tower
07:03 Scout Tower
07:03 Scout Tower
07:32 Guard Tower
07:33 Guard Tower
08:08 Guard Tower
08:51 Castle
09:33 Scout Tower
09:34 Scout Tower
09:35 Scout Tower
09:35 Scout Tower
09:36 Scout Tower
12:23 Guard Tower
13:29 Arcane Sanctum
16:47 Scout Tower
16:47 Scout Tower
16:47 Scout Tower
16:48 Scout Tower
16:49 Scout Tower
16:51 Scout Tower
16:51 Scout Tower
16:51 Scout Tower
16:57 Scout Tower
16:58 Scout Tower
17:01 Scout Tower
17:02 Scout Tower
17:02 Scout Tower
17:02 Scout Tower
18:33 Guard Tower
18:35 Guard Tower
» items
| Scroll of Regeneration | 3 | |
| Mechanical Critter | 2 | |
| Healing Salve | 1 | |
| Orb of Lightning | 1 | |
| Potion of Mana | 4 | |
| Potion of Healing | 3 | |
| Lesser Clarity Potion | 3 | |
| Scroll of Town Portal | 2 | |
19 total
Chat log
(10:30 / Allies) TheFortress: do you care if I buy that orb right now
(10:41 / Allies) MyC0CKYourASS: u can have
(12:52 / All) TheFortress: I NEED BOOTS
(12:56 / All) TheFortress: I NEED BOOTS!
(13:06 / Allies) dupre: go blue
(13:09 / Allies) dupre: why stand there
(13:11 / All) TheFortress: shouldn't have got fuckin [panda
(13:14 / All) TheFortress: slowest hero in the game
(13:18 / All) TheFortress: no shops
(13:19 / All) TheFortress: GAY
(14:12 / Allies) dupre: they must have afk
(14:53 / Allies) dupre: hit orange
(15:51 / All) TheFortress: panda can't catch em
(17:10 / Allies) TheFortress: invis me
(17:21 / Allies) TheFortress: hit me with an invis chap
(17:31 / Allies) TheFortress: or not
(17:34 / Allies) TheFortress: whatever
(17:50 / Allies) TheFortress: move blue
(17:55 / Allies) TheFortress: move
(18:02 / Allies) TheFortress: move man
(18:23 / All) Charles410: well gg
(18:27 / All) towers.: Tker our side
(18:28 / All) Charles410: 2 people tk each other
(18:29 / All) towers.: orange is noob
(18:32 / All) towers.: not my fault
(18:50 / All) TheFortress: CHARLES IN CHARGE
(18:53 / All) TheFortress: I WANT CHARLES IN CHARGE
(19:38 / All) TheFortress: PURPLE GONNA FIND OUT THAT
(19:41 / All) TheFortress: WHEN YOU MESS WITH THE BEST
(19:44 / All) TheFortress: U GOINNA DIE LIKE THE REST
(20:27 / All) towersnoob: U R all lucky. why? pink was my big noob
(20:41 / All) towersnoob: I'll kill pink
(21:21 / All) TheFortress: storm has dispell lol
(21:33 / All) towersnoob: with all concerned tower
(21:50 / All) TheFortress: ESCAPE FROM LA UNDERRATED MOVIE
(21:56 / All) TheFortress: IT DOESNT GET THE RESPECT IT DESERVES